 Dungeon Crawl Stone Soup version 0.17.0-28-g6e173f8 (webtiles) character file.

26 Gargoyl the Skirmisher (level 2, -1/21 HPs)
             Began as a Demonspawn Abyssal Knight on Nov 25, 2015.
             Was a Follower of Lugonu.
             Slain by an adder (2 damage)
             ... on level 2 of the Dungeon.
             The game lasted 00:01:30 (1050 turns).

Gargoyl the Skirmisher (Demonspawn Abyssal Knight)  Turns: 1050, Time: 00:01:30

Health: -1/21      AC:  5    Str: 12    XL:     2   Next: 89%
Magic:  4/4        EV: 10    Int: 13    God:    Lugonu [*.....]
Gold:   50         SH:  0    Dex: 14    Spells: 0 memorised, 1 level left

rFire  + . .     SeeInvis .     a - +1 hand axe
rCold  . . .     Clarity  .     f - +0 ring mail
rNeg   . . .     SustAt   .     (no shield)
rPois  .         Gourm    .     (no helmet)
rElec  +         Spirit   .     (no cloak)
rCorr  .         Warding  .     (no gloves)
rMut   .         Stasis   .     (no boots)
MR     .....                    (no amulet)
Stlth  +.........               (no ring)
                                (no ring)

@: lethally poisoned (-1 -> -5), not resistant to hostile enchantments, very
unstealthy
A: thin skeletal structure 1, fire resistance 1, frail 1, electricity resistance
a: Depart the Abyss, Renounce Religion


You were on level 2 of the Dungeon.
You worshipped Lugonu.
Lugonu was aware of your devotion.
You were hungry.

You visited 1 branch of the dungeon, and saw 2 of its levels.
You visited the Abyss 1 time.

You collected 50 gold pieces.

Inventory:

Hand Weapons
 a - a +1 hand axe (weapon)
Armour
 f - a +0 ring mail (worn)
Scrolls
 b - a scroll of enchant weapon {unknown}
 d - a scroll of magic mapping {unknown}
 g - a scroll of remove curse {unknown}
 h - a scroll of identify {unknown}
Comestibles
 c - 2 bread rations


   Skills:
 + Level 3.4 Fighting
 + Level 2.0 Axes
 + Level 2.2 Armour
 + Level 1.0 Dodging
 + Level 2.8 Invocations


You had one spell level left.
You didn't know any spells.

Dungeon Overview and Level Annotations

Branches:
Dungeon (2/15)

Altars:


Innate Abilities, Weirdness & Mutations

You have a somewhat thin skeletal structure (Dex +2, Stealth).
Your flesh is heat resistant.
You are frail (-10% HP).
You are resistant to electric shocks.


Message History

* * * LOW HITPOINT WARNING * * *
You feel sick. The adder bites you but does no damage.
You hit the adder but do no damage.
The adder is heavily wounded.
The adder bites you but does no damage. The adder bites you.
* * * LOW HITPOINT WARNING * * *
You closely miss the adder.
The adder is heavily wounded.
* * * LOW HITPOINT WARNING * * *
You feel sick. The adder barely misses you.
Drink which item? (? for menu, Esc to quit)
It was a potion of mutation.
You feel extremely strange.
You feel resistant to heat.
You feel frail.
You feel insulated. The adder closely misses you. The adder bites you.
* * * LOW HITPOINT WARNING * * *
You closely miss the adder.
The adder is heavily wounded.
* * * LOW HITPOINT WARNING * * *
You feel sick. The adder bites you.
You die...

#.<....# #.#.##.#
#.#.##.# ##+#
#.#..#.# ##...#
#.##.#.# #.....#
##.##.#.# .......##
##.......#
........####...##.###
.......hhS@.......#
........####...####
.......## ##.##
#.....# #.# ##...#
#.# ##+# #.# #.# #.#
#.#


You could see an adder and 2 jackals.

Vanquished Creatures
  A gnoll (D:1)
  A giant cockroach (D:1)
  A goblin (D:1)
  2 hobgoblins (D:1)
  2 jackals (D:2)
  2 kobolds (D:1)
  4 bats (D:1)
  2 giant newts (D:1)
  3 rats
18 creatures vanquished.

Notes
Turn   | Place    | Note
--------------------------------------------------------------
     0 | Abyss:1  | Gargoyl the Demonspawn Abyssal Knight began the quest for the Orb.
     0 | Abyss:1  | Reached XP level 1. HP: 18/18 MP: 2/2
    19 | Abyss:1  | Found a corrupted altar of Lugonu.
   107 | Abyss:1  | Noticed a wretched star
   108 | D:1      | Escaped the Abyss
   336 | D:1      | Reached skill level 1 in Dodging
   336 | D:1      | Gained mutation: You have a somewhat thin skeletal structure (Dex +2, Stealth). [demonic ancestry]
   336 | D:1      | Reached XP level 2. HP: 12/24 MP: 4/4
   614 | D:1      | Reached * piety under Lugonu
  1049 | D:2      | Gained mutation: Your flesh is heat resistant. [potion of mutation]
  1049 | D:2      | Gained mutation: You are frail (-10% HP). [potion of mutation]
  1049 | D:2      | Gained mutation: You are resistant to electric shocks. [potion of mutation]
  1050 | D:2      | HP: 1/21 [poisoned by an adder]
  1050 | D:2      | Slain by an adder

Action                   || total
-------------------------++-------
Melee: Hand axe          ||    58
Invok: Depart the Abyss  ||     1
  Use: Potion            ||     1
